 Dungeon Crawl Stone Soup version 0.20.0-14-g326068f (webtiles) character file.

71 sagitran the Grave Robber (level 4, 0/46 HPs)
             Began as a Demonspawn Necromancer on June 8, 2017.
             Slain by Grinder (10 damage)
             ... on level 3 of the Dungeon.
             The game lasted 01:02:58 (1848 turns).

sagitran the Grave Robber (Demonspawn Necromancer)  Turns: 1848, Time: 01:02:59

Health: 0/46       AC:  5    Str: 12 (14) XL:     4   Next: 5%
Magic:  0/7        EV: 11    Int: 15 (17) God:
Gold:   133        SH:  3    Dex: 13      Spells: 3/8 levels left

rFire    . . .     SeeInvis .   e - +1 dagger (drain)
rCold    . . .     Gourm    .   n - +0 buckler
rNeg     . . .     Faith    .   a - +0 robe
rPois    .         Spirit   +   f - +0 helmet
rElec    .         Reflect  .   (no cloak)
rCorr    .         Harm     .   (no gloves)
MR       .....                  (no boots)
Stlth    ..........             (no amulet)
Regen    0.2/turn               (no ring)
MPRegen  0.1/turn               (no ring)

@: berserking, drained, very quick
A: icy blue scales 1, magic shield
a: no special abilities


You were on level 3 of the Dungeon.
You were not hungry.

You visited 1 branch of the dungeon, and saw 3 of its levels.

You collected 133 gold pieces.

Inventory:

Hand Weapons
 e - a +1 dagger of draining (weapon)
 k - a +0 hunting sling
Missiles
 h - 3 tomahawks (quivered)
Armour
 a - a +0 robe (worn)
 f - a +0 helmet (worn)
 n - a +0 buckler (worn)
Scrolls
 g - 3 scrolls of immolation
 j - a scroll of blinking
 l - a scroll of teleportation
 p - a scroll of identify
Books
 b - a book of Necromancy

   Spells                             Type                      Level
   a - Pain                           Necromancy                   1
   b - Animate Skeleton               Necromancy                   1
   c - Vampiric Draining              Necromancy                   3
   d - Regeneration                   Charms/Necromancy            3
   e - Animate Dead                   Necromancy                   4
   f - Control Undead                 Necromancy                   4
Comestibles
 c - a bread ration
 d - 5 chunks of flesh
 i - 3 fruits
 m - a meat ration


   Skills:
 + Level 0.6(0.2) Fighting
 + Level 0.8(0.4) Short Blades
 + Level 0.3(0.0) Throwing
 + Level 1.8(1.4) Dodging
 + Level 2.1(1.7) Stealth
 + Level 2.5(2.1) Spellcasting
 + Level 0.1(0.0) Charms
 + Level 5.1(4.7) Necromancy


You had 3 spell levels left.
You knew the following spells:

 Your Spells              Type           Power        Failure   Level  Hunger
a - Pain                  Necr           ###.         5%          1    #......
b - Animate Skeleton      Necr           N/A          5%          1    #......
c - Regeneration          Chrm/Necr      #.........   38%         3    ###....


Dungeon Overview and Level Annotations

Branches:
Dungeon (3/15)

Altars:
Ashenzari
Dithmenos
Elyvilon
Makhleb
Nemelex Xobeh
Okawaru
Vehumet

Annotations:
D:3 Grinder, Sigmund


Innate Abilities, Weirdness & Mutations

You are partially covered in icy blue scales. (AC +2)
When hurt, damage is shared between your health and your magic reserves.


Message History

Before your eyes, flesh is ripped from the corpse!
The dead are walking!
Grinder grins, showing sharp teeth.
Grinder closely misses you.
You see here a chunk of flesh.
Grinder says, "There's only one good use for a tongue: cutting it out."
It was a potion of berserk rage.
A red film seems to cover your vision as you go berserk!
You feel yourself moving faster!
You feel mighty! Grinder misses you.
You barely miss Grinder.
Grinder is lightly wounded.
You closely miss Grinder.
Grinder is lightly wounded.
Grinder completely misses you.
Some of the chunks of flesh in your inventory have rotted away.
You hit Grinder.
Grinder is lightly wounded.
Your rat skeleton barely misses Grinder.
Grinder hits you!
You die...

.##.....##........####
###......###......... #
##....###.......## .
##................ ..
b..................##.....
..######..#...#.###... ...
. #.....>..#...#.#..$
#....#.#.#.#.#.......
####.......@.#.#..$..#
####...5#.#.....#.#
#...Z#.#....?...
#....#..........
#.....%.........
#...##.......#.. #...
#..$.......
#...............
#...............


You could see Grinder and a friendly rat skeleton.

Vanquished Creatures
  An adder (D:2)
  An ooze (D:1)
  2 dart slugs
  A leopard gecko (D:3)
  A ball python (D:3)
  7 goblins
  7 hobgoblins
  4 jackals (D:2)
  5 bats
  3 frilled lizards
  2 kobolds
  4 rats
38 creatures vanquished.

Vanquished Creatures (collateral kills)
  An ooze (D:1)
  2 bats
  A giant cockroach (D:2)
  4 goblins
  3 kobolds
  3 rats
14 creatures vanquished.

Grand Total: 52 creatures vanquished

Notes
Turn   | Place    | Note
-------+----------+-------------------------------------------
     0 | D:1      | sagitran the Demonspawn Necromancer began the quest for the Orb.
     0 | D:1      | Reached XP level 1. HP: 13/13 MP: 3/3
    30 | D:1      | Learned a level 1 spell: Animate Skeleton
   206 | D:1      | Gained mutation: When hurt, damage is shared between your health and your magic reserves. [demonic ancestry]
   206 | D:1      | Reached XP level 2. HP: 4/19 MP: 5/5
   611 | D:1      | Reached skill level 5 in Necromancy
   857 | D:1      | Reached XP level 3. HP: 22/25 MP: 4/6
  1360 | D:2      | Learned a level 3 spell: Regeneration
  1373 | D:2      | Found a white marble altar of Elyvilon.
  1658 | D:3      | Found a shattered altar of Ashenzari.
  1659 | D:3      | Found a shadowy altar of Dithmenos.
  1659 | D:3      | Found a white marble altar of Elyvilon.
  1661 | D:3      | Found a burning altar of Makhleb.
  1663 | D:3      | Found an iron altar of Okawaru.
  1663 | D:3      | Found a radiant altar of Vehumet.
  1664 | D:3      | Found a sparkling altar of Nemelex Xobeh.
  1668 | D:3      | Gained mutation: You are partially covered in icy blue scales. (AC +2) [demonic ancestry]
  1668 | D:3      | Reached XP level 4. HP: 23/31 MP: 7/7
  1690 | D:3      | Noticed Sigmund
  1827 | D:3      | Noticed Grinder
  1848 | D:3      | Slain by Grinder

Skill      XL: |  1  2 |
---------------+-------+-----
Necromancy     | 5 |  5.1
Stealth        | 2 |  2.1
Fighting       | |  0.6
Short Blades   | |  0.8
Throwing       | |  0.3
Dodging        | |  1.8
Spellcasting   | |  2.5
Charms         | |  0.1

Action                   |  1- 3 |  4- 6 || total
-------------------------+-------+-------++-------
Melee: Hand axe          |    13 |       ||    13
       Dagger            |    84 |    17 ||   101
       Rapier            |     1 |       ||     1
Throw: Tomahawk          |    26 |     2 ||    28
       Stone             |     5 |       ||     5
 Cast: Animate Skeleton  |    27 |     2 ||    29
       Pain              |     7 |     1 ||     8
       Regeneration      |     1 |       ||     1
  Use: Potion            |     3 |     1 ||     4
       Scroll            |     6 |     2 ||     8
 Stab: Sleeping          |     3 |       ||     3
       Distracted        |     1 |       ||     1
  Eat: Chunk             |     2 |       ||     2
       Bread ration      |     1 |       ||     1
       Fruit             |     1 |       ||     1
Armor: Robe              |    25 |     2 ||    27
Dodge: Dodged            |    74 |    11 ||    85
Block: Buckler           |       |     2 ||     2
